 Dungeon Crawl Stone Soup version 0.30-a0-639-g3916f1956a (webtiles) character file.

Game seed: 15349588095397285747

9834 browni3141 the Slicer (level 11, -2/57 HPs)
             Began as a Kobold Brigand on Jan 15, 2023.
             Was a Priest of Wu Jian.
             Engulfed by an ice statue's freezing vapour (8 damage)
             ... in an ice cave.
             The game lasted 00:34:50 (13016 turns).

browni3141 the Slicer (Kobold Brigand)             Turns: 13016, Time: 00:34:51

Health: -2/57      AC: 11    Str:  8      XL:     11   Next: 81%
Magic:  14/14      EV: 25    Int: 13 (14) God:    Wu Jian [***...]
Gold:   587        SH: 12    Dex: 20      Spells: 7/14 levels left

rFire   . . .      SeeInvis .    b - +2 quick blade (venom)
rCold   + . .      Faith    +    F - +2 kite shield
rNeg    . . .      Spirit   .    N - +1 ring mail {rC+}
rPois   .          Reflect  .    I - +0 helmet
rElec   .          Harm     .    c - +0 cloak
rCorr   .          Rampage  .    J - +0 pair of gloves
Will    .....                    Q - +1 pair of boots
Stlth   +++++                    M - amulet of faith
HPRegen 0.29/turn                j - +5 ring of evasion
MPRegen 0.14/turn                L - +5 ring of evasion

@: hasted, studying Stealth, very quick
A: small, no large weapons, nightstalker 3
a: Renounce Religion, Wall Jump, Serpent's Lash


You were in an ice cave.
You worshipped Wu Jian.
Wu Jian was most pleased with you.
You visited 2 branches of the dungeon, and saw 12 of its levels.
You also visited: Bailey and Ice Cave.

You collected 725 gold pieces.
You spent 138 gold pieces at shops.

Inventory:

Hand Weapons
 a - a +1 rapier of venom
 b - a +2 quick blade of venom (weapon)
 B - a +2 dagger
Missiles
 d - 17 poisoned darts (quivered)
 e - 3 curare-tipped darts
Armour
 c - a +0 cloak (worn)
 F - a +2 kite shield (worn)
 G - a +0 robe
 I - a +0 helmet (worn)
 J - a +0 pair of gloves (worn)
 N - a +1 ring mail of cold resistance (worn)
 O - a +0 buckler
 Q - a +1 pair of boots (worn)
Jewellery
 j - a +5 ring of evasion (left hand)
 k - a ring of wizardry
 L - a +5 ring of evasion (right hand)
 M - an amulet of faith (around neck)
Wands
 z - a wand of flame (16)
 A - a wand of digging (2)
 H - a wand of polymorph (10)
 R - a wand of mindburst (11)
Scrolls
 f - a scroll of torment
 g - 4 scrolls of vulnerability
 i - 7 scrolls of teleportation
 n - a scroll of brand weapon
 r - 3 scrolls of noise
 s - 2 scrolls of amnesia
 t - 3 scrolls of magic mapping
 u - a scroll of fog {unknown}
 v - 6 scrolls of fear
 w - a scroll of enchant weapon {unknown}
 y - a scroll of enchant armour {unknown}
 D - 2 scrolls of immolation {unknown}
 K - a scroll of blinking {unknown}
Potions
 h - 3 potions of attraction
 l - a potion of berserk rage
 m - 2 potions of brilliance
 o - a potion of cancellation
 q - 2 potions of mutation
 x - a potion of lignification {unknown}
 C - 5 potions of might {unknown}
 E - 2 potions of degeneration {unknown}


   Skills:
 - Level 2.1 Fighting
 - Level 14.0 Short Blades
 - Level 2.1 Throwing
 - Level 10.0 Dodging
 * Level 10.6 Stealth
 * Level 4.3 Shields
 - Level 2.0 Spellcasting
 - Level 5.0 Hexes
 - Level 4.0 Translocations
 - Level 5.0 Evocations


You had 7 spell levels left.
You knew the following spells:

 Your Spells              Type           Power      Damage    Failure   Level
a - Apportation           Tloc           22%        N/A       58%         1
b - Blink                 Tloc           22%        N/A       73%         2
c - Cause Fear            Hex            7%         N/A       99%         4

Your spell library contained the following spells:

 Spells                   Type           Power      Damage    Failure   Level
 Lesser Beckoning         Tloc           22%        N/A       73%         2
 Gell's Gravitas          Tloc           11%        N/A       91%         3
 Teleport Other           Tloc           11%        N/A       91%         3
 Momentum Strike          Conj/Tloc      12%        3d8       94%         2
 Beastly Appendage        Tmut           2%         N/A       98%         1
 Foxfire                  Conj/Fire      4%         2x1d4     98%         1
 Necrotise                Necr           4%         1d4       98%         1
 Summon Small Mammal      Summ           4%         N/A       98%         1
 Wereblood                Tmut           1%         N/A       99%         2
 Dazzling Flash           Conj/Hex       14%        N/A       99%         3
 Spider Form              Tmut/Pois      1%         N/A       100%        3
 Iskenderun's Mystic Bla  Conj/Tloc      6%         2d4       100%        4
 Fireball                 Conj/Fire      0%         3d3       100%        5
 Starburst                Conj/Fire      0%         6d3       100%        6
 Dragon Form              Tmut           0%         N/A       100%        7
 Dragon's Call            Summ           0%         N/A       100%        9


Dungeon Overview and Level Annotations

Branches:
Dungeon (11/15)            Temple (1/1) D:4          Bailey (visited)
  IceCv (1/1)
   Lair: D:8-11         Orc: D:9-12

Altars:
Ashenzari
Cheibriados
Dithmenos
Elyvilon
Fedhas
Gozag
Hepliaklqana
Kikubaaqudgha
Makhleb
Nemelex Xobeh
Okawaru
Qazlal
Ru
Sif Muna
Trog
Uskayaw
Vehumet
Wu Jian
Xom
Yredelemnul
Zin
The Shining One

Shops:
D:10 =([

Annotations:
D:4 1 runed translucent door, Crazy Yiuf
D:10 exclusion: door IceCv exclusion: ice statue


Innate Abilities, Weirdness & Mutations

You are small and have problems with some larger weapons.
You are completely attuned to the shadows.


Message History

The freezing blast misses you.
Aiming: Mindburst
Press: ? - help, Shift-Dir - straight line, f - you
Okay, then.
Aiming: Throw Flame
Press: ? - help, Shift-Dir - straight line, f - ice statue
Aim: an ice statue (severely damaged, 100% to hit)
The puff of flame hits the ice statue.
The ice statue melts!
The ice statue is severely damaged.
Aiming: Throw Flame
Press: ? - help, Shift-Dir - straight line, f/p - ice statue
Aim: an ice statue (severely damaged, 100% to hit)
The puff of flame hits the ice statue but does no damage.
The ice statue is severely damaged.
Aiming: Throw Flame
Press: ? - help, Shift-Dir - straight line, f/p - ice statue
Aim: an ice statue (severely damaged, 100% to hit)
The puff of flame hits the ice statue but does no damage.
The ice statue is severely damaged.
The ice statue gestures at you. The freezing blast misses you.
Okay, then.
Okay, then.
You feel yourself speed up.
You are engulfed in freezing vapours.
You resist.
* * * LOW HITPOINT WARNING * * *
You feel less exhausted. The ice statue gestures at you.
The shard of ice hits you! You partially resist.
* * * LOW HITPOINT WARNING * * *
You feel better.
You are engulfed in freezing vapours.
You resist.
* * * LOW HITPOINT WARNING * * *
The ice statue gestures.
You spin and attack the ice beast.
You barely miss the ice beast.
You spin and attack the ice statue repeatedly.
You hit the ice statue.
The ice statue is almost destroyed.
You hit the ice statue but do no damage.
The ice statue is almost destroyed.
You are engulfed in freezing vapours.
You resist.
You die...

######## ##.#....##
#####....°#..##
##..∩##..####..#
#∩..####..###°°#
#....# #..##°@Y##
#...####...##°8○#
##..####...####°°.#
#...##...### #°###
#..##...## $#.
#......## ..
##...### #####


You could see an ice statue and an ice beast (summoned).

Vanquished Creatures
  A soul eater (D:10)
  A sixfirhy (D:10)
  A smoke demon (D:10)
  A red devil (D:10)
  A troll (D:11)
  A shadow (D:8)
  A wraith (D:9)
  9 yaks
  Eustachio (D:5)
  2 steam dragons
  A neqoxec (D:10)
  Menkaure (D:7)
  Grum (D:8)
  2 acid dragons (D:10)
  A water moccasin (D:7)
  9 orc warriors
  4 ice beasts
  2 sky beasts
  13 centaurs
  3 wolves (D:8)
  2 ogres
  2 phantoms (D:6)
  A kobold brigand (D:8)
  4 bullfrogs
  2 gnoll sergeants
  2 scorpions
  A necrophage (D:6)
  8 wights
  An elephant simulacrum (IceCv)
  4 killer bees (D:9)
  3 howler monkeys
  A lava snake (D:10)
  An orc priest (D:3)
  8 hounds
  3 jellies
  Terence (D:2)
  An iguana (D:6)
  7 orc wizards
  A troll simulacrum (IceCv)
  A spriggan simulacrum (IceCv)
  12 gnolls
  7 adders
  A shadow imp (D:6)
  4 white imps
  2 ufetubi
  A worm (D:3)
  2 dart slugs
  46 orcs
  7 ball pythons
  3 endoplasms
  2 giant cockroaches
  6 goblins
  8 hobgoblins
  2 jackals
  9 kobolds
  6 quokkas
  4 bats
  3 frilled lizards
  3 rats
238 creatures vanquished.

Vanquished Creatures (others)
  3 demonic plants (D:10)
  6 fungi (D:3)
  3 plants (D:3)
12 creatures vanquished.

Grand Total: 250 creatures vanquished

Notes
Turn   | Place    | Note
-------+----------+-------------------------------------------
     0 | D:1      | browni3141 the Kobold Brigand began the quest for the Orb.
     0 | D:1      | Reached XP level 1. HP: 12/12 MP: 1/1
   175 | D:1      | Reached XP level 2. HP: 14/17 MP: 2/2
   883 | D:1      | Reached XP level 3. HP: 21/21 MP: 3/3
  1255 | D:2      | Noticed Terence
  1482 | D:2      | Found a faded altar of an unknown god.
  2336 | D:3      | Reached XP level 4. HP: 19/26 MP: 4/4
  2431 | D:2      | Killed Terence
  2663 | D:3      | Reached skill level 5 in Dodging
  2827 | D:3      | Reached XP level 5. HP: 18/30 MP: 5/5
  3038 | D:3      | Found a blossoming altar of Fedhas.
  3351 | D:4      | Found a staircase to the Ecumenical Temple.
  3520 | Temple   | Entered the Ecumenical Temple
  3785 | D:4      | Identified the +5 hand axe "Rekad" {drain, Str+8}
  4152 | D:4      | Found a runed translucent door.
  4155 | D:4      | Noticed Crazy Yiuf
  4309 | D:5      | Entered Level 5 of the Dungeon
  4578 | D:5      | Noticed a bullfrog
  4822 | D:5      | Reached XP level 6. HP: 27/35 MP: 6/6
  4880 | D:5      | Found an opulent altar of Gozag.
  4887 | D:5      | Found a glowing silver altar of Zin.
  5124 | D:5      | Reached XP level 7. HP: 4/40 MP: 7/7
  5349 | D:5      | Noticed Eustachio
  5352 | D:5      | Killed Eustachio
  5353 | D:5      | Reached skill level 10 in Stealth
  5353 | D:5      | Reached skill level 3 in Short Blades
  5520 | D:5      | Found a shimmering altar of Xom.
  5524 | D:5      | Found an iron altar of Okawaru.
  5580 | D:5      | Found a broken altar of Ashenzari.
  5602 | D:5      | Reached skill level 4 in Short Blades
  5809 | D:5      | Reached skill level 5 in Short Blades
  6170 | D:3      | Reached XP level 8. HP: 40/44 MP: 8/8
  6179 | D:3      | Reached skill level 6 in Short Blades
  6265 | D:6      | Reached skill level 7 in Short Blades
  6369 | D:6      | Reached skill level 8 in Short Blades
  6484 | D:6      | Reached skill level 9 in Short Blades
  6806 | D:6      | Reached skill level 10 in Short Blades
  6806 | D:6      | Reached XP level 9. HP: 41/48 MP: 9/9
  6835 | D:6      | Found an ornate altar of the Wu Jian Council.
  6845 | D:6      | Became a worshipper of the Wu Jian Council
  7561 | D:7      | Reached skill level 11 in Short Blades
  7601 | D:7      | Learned a level 1 spell: Apportation
  7604 | D:7      | Learned a level 2 spell: Blink
  7691 | D:7      | Noticed Menkaure
  7696 | D:7      | Killed Menkaure
  7697 | D:7      | Reached skill level 1 in Translocations
  7736 | D:7      | Reached skill level 1 in Spellcasting
  7745 | D:7      | Reached skill level 1 in Evocations
  7749 | D:7      | Reached skill level 12 in Short Blades
  8133 | D:8      | Reached * piety under Wu Jian
  8341 | D:8      | Reached XP level 10. HP: 53/53 MP: 13/13
  8706 | D:9      | Reached skill level 13 in Short Blades
  8706 | D:9      | Reached skill level 5 in Evocations
  9029 | D:8      | Reached skill level 14 in Short Blades
  9268 | D:8      | Noticed Grum
  9283 | D:8      | Killed Grum
  9522 | D:8      | Reached ** piety under Wu Jian
 10184 | D:9      | Learned a level 4 spell: Cause Fear
 10441 | D:10     | Entered Level 10 of the Dungeon
 10484 | D:10     | Found a flagged portal.
 10507 | Bailey   | Entered a bailey
 10658 | Bailey   | Reached skill level 1 in Hexes
 10658 | Bailey   | Reached XP level 11. HP: 57/57 MP: 14/14
 11021 | Bailey   | Reached *** piety under Wu Jian
 11105 | Bailey   | Reached skill level 10 in Dodging
 11447 | D:10     | Found Tyleif's Antique Weapon Shop.
 11465 | D:10     | Noticed a sixfirhy
 11466 | D:10     | Noticed a soul eater
 11467 | D:10     | Killed a sixfirhy
 11467 | D:10     | Reached skill level 1 in Shields
 11493 | D:10     | HP: 1/54 [soul eater (3)]
 11497 | D:10     | Killed a soul eater
 11785 | D:10     | Found a shadowy altar of Dithmenos.
 11859 | D:10     | Found Jineuzekk's Jewellery Emporium.
 11928 | D:10     | Found Atizur Roel's Armour Boutique.
 11965 | D:10     | Bought a +1 pair of boots for 138 gold pieces
 11982 | D:10     | Reached skill level 5 in Hexes
 12664 | D:10     | Noticed a soul eater
 12801 | D:10     | Acquired a manual of Stealth
 12803 | D:10     | Acquired a +2 quick blade of venom
 12889 | D:11     | Found a frozen archway.
 12893 | IceCv    | Entered an ice cave
 13014 | IceCv    | HP: 2/57 [ice statue/shard of ice (12)]
 13016 | IceCv    | Engulfed by an ice statue's freezing vapour

Illustrated notes

Levels and vault maps discovered:
D:1:      evilmike_arrival_crescent, layout_loops_corners, serial_glass,
          glass_columns_a, glass_columns_c, feat_on_display,
          due_unseen_surprise, item_on_display_b, minmay_misc_feat_five
D:2:      cheibrodos_old_hovel, layout_basic,
          hellmonk_ecumenical_altar_inner_sanctum, uniq_terence
D:3:      layout_loops_cross, fedhas_altar_3, grunt_ministairs_2
D:4:      layout_loops_ring, temple_statues, st_stairs_13, chequers_garden,
          chequers_avenue, uniq_crazy_yiuf_cottage
D:5:      layout_basic, cheibrodos_ashenzari_chains, grunt_temple_overflow_open,
          corexii_leaking_fountain, uniq_eustachio
D:6:      hangedman_cross_stitches, layout_basic,
          mainiacjoe_overflow_small_starburst
D:7:      layout_loops_cross, uniq_menkaure
D:8:      layout_gridville, uniq_grum
D:9:      layout_cave_pools
D:10:     layout_roguey, nicolae_dithmenos_shadow_blocks, serial_demonic,
          serial_demonic_d, serial_demonic_e, serial_demonic_f,
          serial_demonic_d, serial_shops, shop_statue,
          nicolae_inconvenience_store,
          nicolae_shop_temple_entry_statues_fountains, shop, enter_bailey_2,
          minmay_crystal_room
D:11:     layout_long_grid, lair_entry_dummy, gammafunk_ghost_hive,
          portal_ice_cave_entry_pillars_1
Temple:   nicolae_temple_two_arcs
IceCv:    ice_cave_caverns_03

Skill      XL: |  1  2  3  4  5  6  7  8  9 10 11 |
---------------+----------------------------------+-----
Dodging        | 2 3 4 5 9 10 | 10.0
Stealth        | 7 9 10 | 10.6
Short Blades   | 5 10 12 14 | 14.0
Translocations | 2 4 |  4.0
Spellcasting   | 2 |  2.0
Evocations     | 4 5 |  5.0
Hexes          | 1 5 |  5.0
Shields        | 4 |  4.3
Fighting       | |  2.1
Throwing       | |  2.1

Action                   |  1- 3 |  4- 6 |  7- 9 | 10-12 || total
-------------------------+-------+-------+-------+-------++-------
Melee: Dagger            |    58 |   149 |     3 |       ||   210
       Punch             |       |     2 |     2 |     5 ||     9
       Rapier            |       |       |   182 |   465 ||   647
       Quick blade       |       |       |       |    60 ||    60
Throw: Dart              |     7 |    23 |       |       ||    30
Invok: Lunge             |       |       |    22 |    53 ||    75
       Whirlwind         |       |       |     2 |   161 ||   163
       Serpent's Lash    |       |       |       |     4 ||     4
 Abil: Wall Jump         |       |       |       |    11 ||    11
Evoke: Wand              |       |       |     6 |    15 ||    21
  Use: Scroll            |       |     6 |     6 |     5 ||    17
       Potion            |       |       |     1 |     9 ||    10
 Stab: Sleeping          |    16 |    13 |    36 |    28 ||    93
       Distracted        |       |     1 |     2 |     9 ||    12
Armor: Robe              |     5 |    15 |     7 |     7 ||    34
       Ring mail         |       |       |       |    21 ||    21
Dodge: Dodged            |    34 |   158 |    92 |   363 ||   647
Block: Kite shield       |       |       |       |    35 ||    35
       Buckler           |       |       |       |    12 ||    12

Table legend: (Time is in decaauts)
 A = Elapsed time spent in this place.
 B = Non-inter-level travel time spent in this place.
 C = Inter-level travel time spent in this place.
 D = Time resting spent in this place.
 E = Time spent auto-exploring this place.
 F = Levels seen in this place.
 G = Mean time per level.
                   A        B        C        D        E       F      G
               +--------+--------+--------+--------+--------+-----+--------+
         Total |  12915 |  12223 |    692 |    833 |   9190 |  14 |  922.5 |
       Dungeon |  11902 |  11217 |    685 |    766 |   8729 |  11 | 1082.0 |
        Temple |    147 |    140 |      7 |      0 |    129 |   1 |  147.0 |
        Bailey |    743 |    743 |      0 |      0 |    316 |   1 |  743.0 |
      Ice Cave |    122 |    122 |      0 |     66 |     16 |   1 |  122.0 |
               +--------+--------+--------+--------+--------+-----+--------+

Top non-repeatable levels by time:
     D:5: 1654 daAuts
     D:8: 1605 daAuts
    D:10: 1266 daAuts
     D:6: 1168 daAuts
     D:1: 1138 daAuts
     D:2: 1125 daAuts
     D:3: 1092 daAuts
     D:9: 1088 daAuts
     D:4: 1054 daAuts
  Bailey: 743 daAuts
     D:7: 655 daAuts
  Temple: 147 daAuts
   IceCv: 122 daAuts
    D:11: 53 daAuts
